Map: Interloper LE

Players

Juxtapose

  • Race: Terran Terran
  • League: Silver
  • Spawn Location: 5:00

EyeatU - Winner!

  • Race: Protoss Protoss
  • League: Gold
  • Spawn Location: 11:00

VOD

https://youtu.be/SXKasIyUHsc

Description

What a fantastic base race game this turned into, so much fun.

I think a few Widow Mines around my Mineral Line would have done wonders here, so for next time.

Time

  • Played on: Aug. 6, 2017, 12:26 p.m.
  • Length: 11:18
Show
View Real Time Build Order
Export as new Build Order

Juxtapose Terran 

Build Orders:  

Get SALT Encoding   

  12  0:01  SCV  
  13  0:13  SCV  
  14  0:21  Supply Depot  
  14  0:25  SCV  
  15  0:43  SCV  
  15  0:47  Barracks  
  16  0:50  Supply Depot  
  16  0:55  SCV  
  17  1:01  Refinery  
  17  1:07  SCV  
  18  1:19  SCV  
  18  1:21  Refinery  
  19  1:31  SCV  
  20  1:51  Orbital Command  
  20  2:08  Barracks Reactor  
  20  2:30  SCV, Factory  
  21  2:43  SCV  
  22  2:52  Marine x2  
  22  2:55  SCV  
  25  2:59  Command Center  
  25  3:02  Engineering Bay  
  25  3:07  SCV  
  25  3:10  Supply Depot  
  26  3:13  Marine x2  
  28  3:32  Factory Tech Lab  
  28  3:37  Missile Turret, Supply Depot  
  28  3:38  SCV  
  29  3:42  Marine  
  29  3:43  Marine  
  29  3:50  SCV  
  29  3:55  Widow Mine  
  29  4:00  Marine x2  
  32  4:16  Orbital Command  
  32  4:23  Widow Mine  
  32  4:25  Barracks  
  32  4:29  Starport  
  32  4:31  Terran Infantry Weapons Level 1  
  34  4:41  Marine  
  34  4:42  Marine  
  33  4:53  Siege Tank  
  33  4:59  Marine x2  
  31  5:10  Starport Tech Lab, Orbital Command  
  31  5:14  Starport Reactor  
  31  5:17  Marine x2  
  33  5:23  Barracks Tech Lab  
  33  5:25  Siege Tank  
  36  5:35  Marine  
  37  5:49  Marine  
  38  5:51  Marine  
  38  5:52  Missile Turret  
  38  5:53  Marine, Stimpack  
  38  5:55  Medivac  
  38  5:56  Medivac  
  44  5:57  Siege Tank  
  47  6:09  Marine  
  47  6:10  Marine x2  
  50  6:19  SCV  
  51  6:27  Marine x2  
  51  6:29  Siege Tank  
  51  6:31  Supply Depot, SCV  
  57  6:38  Marine  
  58  6:45  Marine x2  
  60  6:54  Supply Depot  
  60  6:56  Marine  
  61  7:02  Marine  
  61  7:03  Marine  
  61  7:07  SCV  
  64  7:14  Marine  
  65  7:19  SCV  
  65  7:20  Marine  
  65  7:21  Marine  
  65  7:22  Armory  
  68  7:32  Marine  
  68  7:35  Medivac  
  68  7:36  Medivac  
  73  7:38  Marine  
  73  7:39  Marine  
  75  7:50  Marine  
  76  7:56  Marine  
  68  8:05  Viking  
  67  8:17  Viking  
  56  8:50  Marine  
Show
View Real Time Build Order
Export as new Build Order

EyeatU Protoss - Winner!

Build Orders: Oracle Opening 

Get SALT Encoding   

  12  0:01  Probe (Chrono Boost)  
  13  0:12  Probe (Chrono Boost)  
  14  0:22  Probe (Chrono Boost)  
  15  0:32  Pylon  
  15  0:41  Assimilator  
  15  0:53  Gateway  
  15  0:55  Gateway  
  16  0:57  Probe (Chrono Boost)  
  16  1:18  Probe (Chrono Boost)  
  17  1:25  Assimilator  
  17  1:28  Probe (Chrono Boost)  
  18  1:39  Probe (Chrono Boost)  
  19  1:42  Cybernetics Core  
  19  1:49  Probe (Chrono Boost)  
  20  2:00  Probe (Chrono Boost)  
  21  2:10  Probe (Chrono Boost)  
  21  2:12  Pylon  
  22  2:18  Warp Gate  
  22  2:21  Probe (Chrono Boost)  
  23  2:29  Pylon  
  23  2:30  Stalker x2  
  27  2:40  Stargate  
  27  3:07  Mothership Core (Chrono Boost)  
  29  3:24  Oracle (Chrono Boost)  
  29  3:25  Nexus  
  29  3:56  Oracle (Chrono Boost)  
  30  4:03  Pylon  
  30  4:17  Pylon  
  30  4:35  Probe x2  
  32  4:46  Probe  
  32  4:47  Probe  
  34  4:56  Probe  
  34  4:59  Probe  
  33  5:07  Probe  
  33  5:10  Stargate  
  33  5:12  Probe  
  33  5:13  Stargate  
  35  5:15  Assimilator  
  35  5:18  Probe, Gateway  
  35  5:21  Gateway  
  36  5:24  Probe  
  36  5:28  Probe  
  38  5:36  Probe  
  38  5:39  Probe  
  40  5:47  Assimilator  
  40  5:48  Probe  
  40  5:49  Probe  
  42  6:00  Probe  
  42  6:02  Void Ray (Chrono Boost)  
  42  6:03  Void Ray (Chrono Boost)  
  55  6:15  Void Ray (Chrono Boost)  
  55  6:31  Twilight Council  
  55  6:41  Void Ray (Chrono Boost), Robotics Facility  
  59  6:48  Void Ray (Chrono Boost)  
  63  7:08  Resonating Glaives (Chrono Boost)  
  63  7:18  Adept  
  63  7:19  Adept x2, Pylon  
  69  7:38  Pylon  
  69  7:46  Adept x2  
  69  7:47  Adept  
  66  8:32  Nexus  
  36  9:52  Pylon  
Tags
 
Add a new tag
Caveats
  • Supply blocks, unpowered buildings, or Contaminate may cause inaccurate times.
  • Supply counts are checked every 10 seconds.